 Dungeon Crawl Stone Soup version 0.29-a0-284-gf9362112df (webtiles) character file.

Game seed: 13788481695420490527

287 rabbitsville the Martial Artist (level 6, 0/44 HPs)
             Began as a Gnoll Wanderer on Mar 16, 2022.
             Was an Initiate of Qazlal.
             Slain by Natasha (5 damage)
             ... on level 2 of the Dungeon.
             The game lasted 00:11:01 (3429 turns).

rabbitsville the Martial Artist (Gnoll Wanderer)    Turns: 3429, Time: 00:11:01

Health: 0/44       AC:  4    Str: 13    XL:     6   Next: 30%
Magic:  8/8        EV: 12    Int:  8    God:    Qazlal [......]
Gold:   180        SH:  0    Dex: 15    Spells: 8/8 levels left

rFire   . . .      SeeInvis .     - Unarmed
rCold   . . .      Faith    .   (no shield)
rNeg    . . .      Spirit   .   e - +0 leather armour
rPois   .          Reflect  .   c - +0 helmet
rElec   .          Harm     .   (no cloak)
rCorr   .          Rampage  .   (no gloves)
Will    .....                   (no boots)
Stlth   ++........              (no amulet)
HPRegen 0.14/turn               (no ring)
MPRegen 0.11/turn               (no ring)

@: no status effects
A: fangs 1, strong nose, distributed training
a: Renounce Religion


You were on level 2 of the Dungeon.
You worshipped Qazlal.
Qazlal was noncommittal.
You visited 1 branch of the dungeon, and saw 3 of its levels.

You collected 180 gold pieces.

Inventory:

Hand Weapons
 a - a +0 mace
Armour
 c - a +0 helmet (worn)
 e - a +0 leather armour (worn)
Scrolls
 b - 2 scrolls of blinking
 f - a scroll of noise {unknown}
 i - a scroll of torment {unknown}
 j - 2 scrolls of identify {unknown}
 m - a scroll of vulnerability {unknown}
 n - a scroll of immolation {unknown}
 p - 2 scrolls of holy word {unknown}
Potions
 d - a potion of lignification
 g - 2 potions of curing {unknown}
 h - a potion of degeneration {unknown}
 k - a potion of magic {unknown}
 l - a potion of attraction {unknown}
 o - a potion of haste {unknown}


   Skills:
 + Level 1.9 Fighting
 + Level 1.9 Short Blades
 + Level 1.9 Long Blades
 + Level 1.9 Axes
 + Level 6.8 Maces & Flails
 + Level 1.9 Polearms
 + Level 1.9 Staves
 + Level 1.9 Slings
 + Level 1.9 Bows
 + Level 1.9 Crossbows
 + Level 1.9 Throwing
 + Level 1.9 Armour
 + Level 3.2 Dodging
 + Level 1.9 Stealth
 + Level 1.9 Shields
 + Level 8.7 Unarmed Combat
 + Level 1.9 Spellcasting
 + Level 1.5 Conjurations
 + Level 1.5 Hexes
 + Level 1.5 Summonings
 + Level 1.5 Necromancy
 + Level 1.5 Translocations
 + Level 1.5 Transmutations
 + Level 1.5 Fire Magic
 + Level 1.5 Ice Magic
 + Level 1.5 Air Magic
 + Level 1.5 Earth Magic
 + Level 1.5 Poison Magic
 + Level 2.1 Invocations
 + Level 4.9 Evocations


You had 8 spell levels left.
You didn't know any spells.
Your spell library contained the following spells:

 Spells                   Type           Power      Damage    Failure   Level
 Dazzling Flash           Conj/Hex       6%         N/A       58%         3
 Iskenderun's Mystic Bla  Conj/Tloc      3%         2d3       94%         4
 Starburst                Conj/Fire      1%         6d3       100%        6


Dungeon Overview and Level Annotations

Branches:
Dungeon (3/15)

Altars:
Qazlal
Vehumet

Shops:
D:2 =

Annotations:
D:2 Natasha
D:3 Grinder, Sigmund


Innate Abilities, Weirdness & Mutations

You have very sharp teeth.
Your uncanny sense of smell can sniff out nearby items.
Your experience applies equally to all skills.


Message History

You hit the jackal.
The jackal is severely wounded.
The jackal closely misses you.
You hit the jackal. Your bite misses the jackal.
The jackal is almost dead.
A giant cockroach comes into view.
The jackal barely misses you.
You punch the jackal!
You kill the jackal!
Qazlal accepts your kill.
You punch the giant cockroach!
You kill the giant cockroach!
Qazlal accepts your kill.
You start resting.
Natasha, Servant of Life and Death comes into view.
Natasha hisses angrily.
Natasha casts a spell at you. The magic dart hits you!
You hit Natasha.
Natasha is moderately wounded.
Natasha stares at you and mumbles some strange words.
The magic dart hits you!
* * * LOW HITPOINT WARNING * * *
You hit Natasha.
Natasha is heavily wounded.
Natasha casts a spell at you. You resist with some effort.
You completely miss Natasha. Your bite misses Natasha.
Natasha is heavily wounded.
Natasha claws you.
* * * LOW HITPOINT WARNING * * *
You hit Natasha.
Natasha is heavily wounded.
Natasha mumbles some strange words.
You barely miss Natasha.
Natasha is heavily wounded.
You hit Natasha. Your bite misses Natasha.
Natasha is severely wounded.
Natasha claws you.
You die...

#....##.......'...#
###
#....###.##...#####
#.. #....'...##...#
#.. #....###.##...#
#.. ########'######
#..
#.......############.^
#...................##
#....h..............'.
#....@†.............##
#...).5.............#
#...................#
#...................#
#...................#
########............#
#............#
#............#
##############


You could see Natasha and a shadow imp (summoned).

Vanquished Creatures
  A scorpion (D:3)
  An orc priest (D:3)
  2 orc wizards
  Natasha (twice) (D:2)
  3 adders
  3 dart slugs
  2 orcs (D:2)
  5 bats
  4 endoplasms (D:1)
  5 giant cockroaches
  6 hobgoblins
  7 jackals
  5 quokkas
  3 frilled lizards
  4 goblins
  6 kobolds
  4 rats
63 creatures vanquished.

Vanquished Creatures (others)
  A rat (D:3)
  3 fungi (D:2)
  8 plants (D:2)
12 creatures vanquished.

Grand Total: 75 creatures vanquished

Notes
Turn   | Place    | Note
-------+----------+-------------------------------------------
     0 | D:1      | rabbitsville the Gnoll Wanderer began the quest for the
                  | Orb.
     0 | D:1      | rabbitsville set off with the following items: a +0 mace, 2
                  | scrolls of blinking, a +0 helmet, a potion of
                  | lignification, a +0 leather armour
     0 | D:1      | Reached XP level 1. HP: 13/13 MP: 1/1
   113 | D:1      | Reached XP level 2. HP: 13/19 MP: 2/2
   501 | D:1      | Reached XP level 3. HP: 19/25 MP: 3/3
   877 | D:1      | Reached skill level 1 in Invocations
  1493 | D:2      | Noticed Natasha
  1517 | D:2      | Killed Natasha
  1518 | D:2      | Reached skill level 1 in Fighting
  1518 | D:2      | Reached skill level 1 in Short Blades
  1518 | D:2      | Reached skill level 1 in Long Blades
  1518 | D:2      | Reached skill level 1 in Axes
  1518 | D:2      | Reached skill level 1 in Polearms
  1518 | D:2      | Reached skill level 1 in Staves
  1518 | D:2      | Reached skill level 1 in Slings
  1518 | D:2      | Reached skill level 1 in Bows
  1518 | D:2      | Reached skill level 1 in Crossbows
  1518 | D:2      | Reached skill level 1 in Throwing
  1518 | D:2      | Reached skill level 1 in Armour
  1518 | D:2      | Reached skill level 1 in Stealth
  1518 | D:2      | Reached skill level 1 in Shields
  1518 | D:2      | Reached skill level 1 in Spellcasting
  1518 | D:2      | Reached XP level 4. HP: 26/32 MP: 5/5
  1604 | D:2      | Found Metegos's Jewellery Emporium.
  1804 | D:2      | Found a faded altar of an unknown god.
  1823 | D:2      | Prayed at the altar of an unknown god.
  1823 | D:2      | Became a worshipper of Vehumet
  1823 | D:2      | Reached * piety under Vehumet
  1823 | D:2      | Offered knowledge of Magic Dart by Vehumet.
  1890 | D:2      | Noticed Natasha
  1905 | D:2      | Killed Natasha
  1906 | D:2      | Reached skill level 1 in Conjurations
  1906 | D:2      | Reached skill level 1 in Hexes
  1906 | D:2      | Reached skill level 1 in Summonings
  1906 | D:2      | Reached skill level 1 in Necromancy
  1906 | D:2      | Reached skill level 1 in Translocations
  1906 | D:2      | Reached skill level 1 in Transmutations
  1906 | D:2      | Reached skill level 1 in Fire Magic
  1906 | D:2      | Reached skill level 1 in Ice Magic
  1906 | D:2      | Reached skill level 1 in Air Magic
  1906 | D:2      | Reached skill level 1 in Earth Magic
  1906 | D:2      | Reached skill level 1 in Poison Magic
  2346 | D:2      | Reached XP level 5. HP: 37/37 MP: 5/7
  2817 | D:3      | Found a stormy altar of Qazlal.
  2836 | D:3      | Fell from the grace of Vehumet
  2836 | D:3      | Became a worshipper of Qazlal Stormbringer
  2892 | D:3      | Reached XP level 6. HP: 35/44 MP: 8/8
  3305 | D:3      | Noticed Sigmund
  3318 | D:3      | Noticed Grinder
  3420 | D:2      | Noticed Natasha
  3429 | D:2      | Slain by Natasha

Illustrated notes

Levels and vault maps discovered:
D:1:      sevenhm_arrival_forest_fort_small_3, layout_basic,
          grunt_decor_fettered
D:2:      layout_basic, shapermc_ecumenical_altar_hornbeckon, serial_shops,
          shop, minmay_cupped, uniq_natasha
D:3:      layout_loops_ring, grunt_qazlal_clouds, uniq_ijyb, uniq_sigmund,
          uniq_grinder

Skill      XL: |  1  2  3  4  5  6 |
---------------+-------------------+-----
Invocations    | 1 2 |  2.1
Fighting       | 1 |  1.9
Short Blades   | 1 |  1.9
Long Blades    | 1 |  1.9
Axes           | 1 |  1.9
Polearms       | 1 |  1.9
Staves         | 1 |  1.9
Slings         | 1 |  1.9
Bows           | 1 |  1.9
Crossbows      | 1 |  1.9
Throwing       | 1 |  1.9
Armour         | 1 |  1.9
Stealth        | 1 |  1.9
Shields        | 1 |  1.9
Spellcasting   | 1 |  1.9
Conjurations   | 1 |  1.5
Hexes          | 1 |  1.5
Summonings     | 1 |  1.5
Necromancy     | 1 |  1.5
Translocations | 1 |  1.5
Transmutations | 1 |  1.5
Fire Magic     | 1 |  1.5
Ice Magic      | 1 |  1.5
Air Magic      | 1 |  1.5
Earth Magic    | 1 |  1.5
Poison Magic   | 1 |  1.5
Dodging        | 3 |  3.2
Maces & Flails | |  6.8
Unarmed Combat | |  8.7
Evocations     | |  4.9

Action                   |  1- 3 |  4- 6 || total
-------------------------+-------+-------++-------
Melee: Mace              |   131 |       ||   131
       Bite              |     9 |    11 ||    20
       Punch             |     7 |     4 ||    11
       Unarmed           |       |   117 ||   117
  Use: Potion            |     1 |       ||     1
 Stab: Sleeping          |     2 |     1 ||     3
       Distracted        |       |     1 ||     1
Armor: Leather armour    |    43 |    19 ||    62
Dodge: Dodged            |    82 |    63 ||   145

Table legend: (Time is in decaauts)
 A = Elapsed time spent in this place.
 B = Non-inter-level travel time spent in this place.
 C = Inter-level travel time spent in this place.
 D = Time resting spent in this place.
 E = Time spent auto-exploring this place.
 F = Levels seen in this place.
 G = Mean time per level.
                   A        B        C        D        E       F      G
               +--------+--------+--------+--------+--------+-----+--------+
         Total |   3428 |   3414 |     14 |    771 |   1852 |   3 | 1142.7 |
       Dungeon |   3428 |   3414 |     14 |    771 |   1852 |   3 | 1142.7 |
               +--------+--------+--------+--------+--------+-----+--------+

Top non-repeatable levels by time:
     D:1: 1411 daAuts
     D:2: 1140 daAuts
     D:3: 876 daAuts
